 Dungeon Crawl Stone Soup version 0.25-a0-731-g0472a16d6a (webtiles) character file.

Game seed: 16593131878015875919, levelgen mode: deterministic

462 Amnesiac the Thaumaturge (level 6, 0/32 HPs)
             Began as a Deep Elf Wizard on Apr 8, 2020.
             Slain by a worker ant (6 damage)
             ... on level 4 of the Dungeon.
             The game lasted 00:03:37 (851 turns).

Amnesiac the Thaumaturge (Deep Elf Wizard)           Turns: 851, Time: 00:03:37

Health: 0/32       AC:  2    Str:  7    XL:     6   Next: 79%
Magic:  1/21       EV: 13    Int: 25    God:
Gold:   89         SH:  0    Dex: 13    Spells: 14/25 levels left

rFire    + . .     SeeInvis .   a - +1 trident (freeze)
rCold    + . .     Gourm    .   (no shield)
rNeg     + . .     Faith    .   p - +0 robe of Bedevilment {rPois rN+ Str+3 Slay+5} (curse)
rPois    +         Spirit   .   g - +0 helmet
rElec    +         Reflect  .   (no cloak)
rCorr    +         Harm     .   (no gloves)
MR       .....                  (no boots)
Stlth    ++........             (no amulet)
HPRegen  0.10/turn              c - ring of poison resistance
MPRegen  0.17/turn              m - ring of flight (curse)

@: resistant, flying
A: hooves 1, deformed body, wild magic 1
a: no special abilities


You were on level 4 of the Dungeon.
You were not hungry.

You visited 1 branch of the dungeon, and saw 4 of its levels.

You collected 89 gold pieces.

Inventory:

Hand Weapons
 a - a +1 trident of freezing (weapon)
Missiles
 u - 10 poisoned darts (quivered)
Armour
 b - a +2 robe of magic resistance
 g - a +0 helmet (worn)
 p - the cursed +0 robe of Bedevilment (worn) {rPois rN+ Str+3 Slay+5}
   (You found it on level 4 of the Dungeon)

   It affects your strength (+3).
   It affects your accuracy and damage with ranged weapons and melee attacks
   (+5).
   It protects you from poison.
   It protects you from negative energy.
   It has a curse placed upon it.
 r - a +0 robe
Jewellery
 c - a ring of poison resistance (left hand)
 m - a cursed ring of flight (right hand)
Scrolls
 e - a scroll of enchant weapon {!r}
 h - a scroll of fear {!r, unknown}
 j - a scroll of blinking {!r, unknown}
 k - a scroll of identify {!r}
 l - a scroll of magic mapping {!r, unknown}
 n - a scroll of noise {!r, unknown}
 o - a scroll of random uselessness {!r}
 s - a scroll of remove curse {!r}
Comestibles
 d - 3 rations
 f - 4 chunks of flesh


   Skills:
 - Level 2.4 Dodging
 - Level 2.4 Stealth
 + Level 10.3 Spellcasting
 - Level 1.1 Conjurations
 - Level 1.1 Summonings
 - Level 1.1 Translocations


You had 14 spell levels left.
You knew the following spells:

 Your Spells              Type           Power        Failure   Level  Hunger
a - Magic Dart            Conj           ###.         5%          1    None
b - Call Imp              Summ           ###.....     8%          2    None
e - Mephitic Cloud        Conj/Pois/Air  ###.....     17%         3    None
s - Conjure Flame         Conj/Fire      ###.....     17%         3    None
v - Blink                 Tloc           N/A          8%          2    None

Your spell library contained the following spells:

 Spells                   Type           Power        Failure   Level  Hunger
 Slow                     Hex            ###.....     12%         2    None


Dungeon Overview and Level Annotations

Branches:
Dungeon (4/15)
 Temple: D:4-7

Altars:
Gozag

Annotations:
D:1 1 exclusion
D:2 Terence
D:4 Sigmund


Innate Abilities, Weirdness & Mutations

You have large cloven feet.
Armour fits poorly on your strangely shaped body.
Your spells are a little harder to cast, but a little more powerful.


Message History

With Pikel's spell broken, the former slaves thank you for their freedom.
The freed slave barely misses itself.
Things that are here:
a +1 whip of freezing; a +2 robe of magic resistance the big kobold corpse of Pikel
b - a +2 robe of magic resistance The freed slave misses the freed slave.
Okay, then.
You swap places.
The freed slave hits you!
* * * LOW HITPOINT WARNING * * *
A worker ant and a skeleton come into view.
The jackal skeleton moves out of view.
Sigmund the Dreaded comes into view.
He is wielding a +0 scythe and carrying a wand of flame (16).
Your magical contamination has completely faded away.
Really quaff
q - a fizzy ruby potion {!q}?
It was a potion of mutation {!q}.
You feel extremely strange.
Your body twists and deforms.
You feel less in control of your magic.
Your feet thicken and deform.
The jackal skeleton misses you.
Sigmund drinks a potion.
Sigmund suddenly seems more resistant.
The freed slave hits something.
Something hits the freed slave!
Really quaff
i - a white potion {!q}?
It was a potion of flight {!q}.
You feel very buoyant.
You fly up into the air.
The jackal skeleton closely misses you.
The freed slave closely misses something.
Sigmund shouts!
The jackal skeleton barely misses you.
Sigmund barely misses the freed slave.
The freed slave barely misses Sigmund.
The jackal skeleton bites you.
* * * LOW HITPOINT WARNING * * *
The freed slave hits Sigmund.
Sigmund barely misses the freed slave.
Unknown command.
Really read
e - 2 scrolls labeled XUR SEANKIE {!r}?
As you read the scroll labeled XUR SEANKIE {!r}, it crumbles to dust.
It is a scroll of enchant weapon.
Your +0 trident of freezing glows red for a moment.
The worker ant twitches its antennae in your direction.
The jackal skeleton bites you but does no damage.
The freed slave hits Sigmund!
Really read
k - 2 scrolls labeled DAPNUGO XYLARGH {!r}?
As you read the scroll labeled DAPNUGO XYLARGH {!r}, it crumbles to dust.
It is a scroll of identify.
s - a scroll of remove curse {!r} Sigmund hits the freed slave but does no damage.
The jackal skeleton bites you but does no damage.
The freed slave misses Sigmund.
Okay, then.
Casting: Mephitic Cloud (safe; 17% risk of failure)
Confirm with . or Enter, or press ? or * to list all spells.
Aiming: Mephitic Cloud (safe; 17% risk of failure)
Press: ? - help, Shift-Dir - straight line, f - worker ant
Aim: a worker ant The ball explodes into a vile cloud!
The stinking cloud engulfs the worker ant but does no damage.
The worker ant is engulfed in noxious fumes.
The worker ant appears confused.
The jackal skeleton barely misses you.
The freed slave hits Sigmund.
Sigmund barely misses the freed slave.
Really read
o - 2 scrolls labeled TUQ JISSOH {!r}?
As you read the scroll labeled TUQ JISSOH {!r}, it crumbles to dust.
The dust glows brilliant blue!
It was a scroll of random uselessness {!r}.
The jackal skeleton misses you.
The freed slave hits Sigmund.
The worker ant bites you.
You die...

....................####
(.....................#
.................)###.#
.#............(.#..#.##
##..##......☼#.#...####
...##.....÷..○....##..#
.............##......#
....p........###a....###.
..#.......###.##@........
..#..a...## ##.Z..).....#
........# ##.........#
........####....†....(#
..........@p##.##.#...#
.....#........# .##..#
... ##.####.#$# .# #..# #
#)## #..#.# .. #.. #.#
..##### .#


p You could see Sigmund, a worker ant (confused), a jackal skeleton and a
neutral freed slave.

Vanquished Creatures
  Pikel (D:4)
  A slave (D:4)
  An adder (D:3)
  A worm (D:4)
  2 leopard geckos
  3 giant cockroaches
  5 kobolds
  A quokka (D:4)
  2 goblins
  A leopard gecko skeleton (D:4)
  2 rats (D:3)
20 creatures vanquished.

Vanquished Creatures (collateral kills)
  An adder (D:3)
1 creature vanquished.

Grand Total: 21 creatures vanquished

Notes
Turn   | Place    | Note
-------+----------+-------------------------------------------
     0 | D:1      | Amnesiac the Deep Elf Wizard began the quest for the Orb.
     0 | D:1      | Reached XP level 1. HP: 10/10 MP: 7/7
   165 | D:2      | Noticed Terence
   229 | D:4      | Noticed a worker ant
   262 | D:3      | Found a faded altar of an unknown god.
   322 | D:3      | Reached skill level 5 in Spellcasting
   343 | D:3      | Reached XP level 2. HP: 15/15 MP: 6/10
   347 | D:3      | Learned a level 2 spell: Blink
   350 | D:3      | Learned a level 2 spell: Call Imp
   429 | D:3      | Found an opulent altar of Gozag.
   566 | D:3      | Reached XP level 3. HP: 19/19 MP: 4/12
   571 | D:3      | Learned a level 3 spell: Conjure Flame
   575 | D:3      | Learned a level 3 spell: Mephitic Cloud
   635 | D:4      | Got a steaming robe
   702 | D:4      | Reached skill level 6 in Spellcasting
   721 | D:4      | Identified the cursed +0 robe of Bedevilment {rPois rN+
                  | Str+3 Slay+5} (You found it on level 4 of the Dungeon)
   777 | D:4      | Noticed a slave
   777 | D:4      | Noticed a slave
   792 | D:4      | Killed a slave
   792 | D:4      | Noticed a slave
   798 | D:4      | Noticed a slave
   801 | D:4      | Noticed Pikel
   832 | D:4      | Killed Pikel
   832 | D:4      | Reached skill level 10 in Spellcasting
   832 | D:4      | Reached XP level 4. HP: 9/24 MP: 1/18
   832 | D:4      | Reached XP level 5. HP: 11/28 MP: 1/19
   832 | D:4      | Reached XP level 6. HP: 12/32 MP: 1/21
   837 | D:4      | Noticed Sigmund
   843 | D:4      | Gained mutation: Armour fits poorly on your strangely
                  | shaped body. [potion of mutation]
   843 | D:4      | Gained mutation: Your spells are a little harder to cast,
                  | but a little more powerful. [potion of mutation]
   843 | D:4      | Gained mutation: You have large cloven feet. [potion of
                  | mutation]
   851 | D:4      | Slain by a worker ant

Levels and vault maps discovered:
D:1:      evilmike_arrival_come_back, layout_loops_corners,
          kennysheep_flooded_box, st_stairs_6
D:2:      layout_loops_corners, vehumet_crystals, first_ration,
          chequers_serial_rivers_marsh, serial_bayou_pond_e, tgw_fedhas,
          uniq_robin, uniq_terence
D:3:      layout_basic, chequers_ecumenical_altar_island, serial_bayou_lagoon_a,
          nicolae_gozag_cash_rules_everything_around_me
D:4:      layout_layer_cave, uniq_pikel, uniq_duvessa, uniq_sigmund

Skill      XL: |  1  2  3 |
---------------+----------+-----
Spellcasting   | 5 10 | 10.3
Dodging        | |  2.4
Stealth        | |  2.4
Conjurations   | |  1.1
Summonings     | |  1.1
Translocations | |  1.1

Action                   |  1- 3 |  4- 6 || total
-------------------------+-------+-------++-------
Melee: Trident           |    34 |       ||    34
 Cast: Magic Dart        |    35 |       ||    35
       Call Imp          |     1 |       ||     1
       Conjure Flame     |     4 |       ||     4
       Mephitic Cloud    |     1 |     1 ||     2
  Use: Potion            |     2 |     2 ||     4
       Scroll            |       |     3 ||     3
 Stab: Confused          |     1 |       ||     1
Armor: Robe              |       |     2 ||     2
Dodge: Dodged            |    10 |     5 ||    15

Table legend:
 A = Non-vault XP
 B = Vault XP
 C = Vault XP percentage of total XP
 D = Non-vault monster count
 E = Vault monster count
 F = Vault count percentage of total count
                 A         B        C        D         E       F
            +---------+---------+-------+---------+---------+-------
      Total |      51 |     609 |  92.3 |      18 |       2 |  10.0
            +---------+---------+-------+---------+---------+-------
        D:1 |       3 |       3 |  50.0 |       2 |       1 |  33.3
        D:2 |       1 |       0 |   0.0 |       1 |       0 |   0.0
        D:3 |      35 |       0 |   0.0 |      10 |       0 |   0.0
        D:4 |      12 |     606 |  98.1 |       5 |       1 |  16.7
            +---------+---------+-------+---------+---------+-------
